 Dungeon Crawl Stone Soup version 0.25-a0-713-g4845790874 (webtiles) character file.

Game seed: 7695986487066148608, levelgen mode: deterministic

192 mortelune the Skirmisher (level 6, -8/49 HPs)
             Began as a Formicid Abyssal Knight on Apr 5, 2020.
             Was a Believer of Lugonu.
             Mangled by an orc warrior
             ... wielding a +0 war axe
              (14 damage)
             ... on level 7 of the Dungeon.
             The game lasted 00:08:17 (3947 turns).

mortelune the Skirmisher (Formicid Abyssal Knight)  Turns: 3947, Time: 00:08:18

Health: -8/49      AC: 11    Str: 18    XL:     6   Next: 2%
Magic:  8/8        EV:  5    Int: 12    God:    Lugonu [**....]
Gold:   151        SH:  0    Dex: 10    Spells: 5/5 levels left

rFire    . . .     SeeInvis +   a - +1 mace
rCold    . . .     Gourm    .   (no shield)
rNeg     . . .     Faith    .   f - +0 plate armour
rPois    .         Spirit   .   (helmet unavailable)
rElec    .         Reflect  .   (no cloak)
rCorr    .         Harm     .   (no gloves)
MR       .....                  (no boots)
Stlth    ..........             (no amulet)
HPRegen  0.16/turn              (no ring)
MPRegen  0.11/turn              (no ring)

@: mighty
A: permanent stasis, dig shafts and tunnels, four strong arms, antennae 3
a: Dig, Shaft Self, Depart the Abyss, Bend Space, Renounce Religion


You were on level 7 of the Dungeon.
You worshipped Lugonu.
Lugonu was pleased with you.
You were very hungry.

You visited 1 branch of the dungeon, and saw 5 of its levels.
You visited the Abyss 1 time.

You collected 151 gold pieces.

Inventory:

Hand Weapons
 a - a +1 mace (weapon)
Missiles
 e - 143 stones (quivered)
 g - 12 poisoned darts
 t - 3 javelins
 v - 29 sling bullets
Armour
 b - a +0 leather armour
 f - a +0 plate armour (worn)
 i - a +1 chain mail
 p - a +0 ring mail
Scrolls
 h - 3 scrolls of immolation
 k - a scroll of amnesia
 l - a scroll of enchant weapon
 r - 2 scrolls of enchant armour
 w - a scroll of identify
Potions
 d - a potion of magic
 j - 2 potions of flight
 m - 2 potions of brilliance
 n - a potion of mutation
Comestibles
 c - 5 rations


   Skills:
 + Level 4.6 Fighting
 + Level 3.5 Maces & Flails
 + Level 3.8 Armour
 - Level 0.8 Dodging
 + Level 2.8 Invocations


You had 5 spell levels left.
You didn't know any spells.
Your spell library was empty.

Dungeon Overview and Level Annotations

Branches:
Dungeon (4/15)
 Temple: D:4-7

Altars:
Ashenzari
Cheibriados
Nemelex Xobeh
Vehumet


Innate Abilities, Weirdness & Mutations

You cannot be hasted, slowed, berserked, paralysed or teleported.
You can dig through walls and to a lower floor.
Your four strong arms can wield two-handed weapons with a shield.
You have a pair of large antennae on your head. (SInv)


Message History

Throwing (i - inventory. (/) - cycle)
e - 144 stones (quivered)
Press: ? - help, Shift-Dir - straight line, f - orc warrior
Aim: an orc warrior, wielding a +0 war axe and wearing a +0 plate armour You throw a stone.
The stone closely misses the orc warrior.
You sock the orc warrior!
The orc warrior is heavily wounded.
The orc warrior hits you with a +0 war axe.
* * * LOW HITPOINT WARNING * * *
Your plate armour prevents you from hitting the orc warrior.
The orc warrior is heavily wounded.
The orc warrior completely misses you.
Your plate armour prevents you from hitting the orc warrior.
The orc warrior is heavily wounded.
The orc warrior hits you with a +0 war axe.
* * * LOW HITPOINT WARNING * * *
Your plate armour prevents you from hitting the orc warrior.
The orc warrior is heavily wounded.
The orc warrior hits you with a +0 war axe!
You die...

..# ..# { ..# #... #.#
#..?# # #.# ...# .#
#.# #..##.# # #.#
#..... .# #@#
#...####.#. #o#
#..........
#.######........#.
#(..o.............
##############>.......
#{{.{............#.###
##.#############⌠.⌠.#
#### #.....{# ._..#
...# #.....{# ⌠.⌠##


You could see an orc warrior.

Vanquished Creatures
  A howler monkey (D:4)
  2 worker ants
  An ooze (D:1)
  5 worms
  2 dart slugs
  2 leopard geckos
  4 ball pythons
  7 bats
  5 giant cockroaches
  11 goblins
  10 hobgoblins
  9 jackals
  5 frilled lizards
  4 kobolds
  9 rats
77 creatures vanquished.

Notes
Turn   | Place    | Note
-------+----------+-------------------------------------------
     0 | Abyss:1  | mortelune the Formicid Abyssal Knight began the quest for
                  | the Orb.
     0 | Abyss:1  | Reached XP level 1. HP: 18/18 MP: 2/2
   110 | Abyss:1  | Noticed an orange demon
   110 | Abyss:1  | Noticed a small abomination
   111 | D:1      | Escaped the Abyss
   149 | D:1      | Reached * piety under Lugonu
   150 | D:1      | Reached XP level 2. HP: 20/24 MP: 3/3
   449 | D:1      | Reached XP level 3. HP: 20/30 MP: 4/4
  1281 | D:2      | Reached skill level 4 in Fighting
  1282 | D:2      | Reached ** piety under Lugonu
  1282 | D:2      | Reached XP level 4. HP: 37/37 MP: 5/5
  1403 | D:2      | Found a faded altar of an unknown god.
  1575 | D:2      | Found a snail-covered altar of Cheibriados.
  2458 | D:3      | Found a radiant altar of Vehumet.
  2594 | D:3      | Found a shattered altar of Ashenzari.
  3063 | D:3      | Reached XP level 5. HP: 42/42 MP: 6/6
  3426 | D:4      | Reached *** piety under Lugonu
  3535 | D:4      | Noticed an ogre
  3852 | D:4      | Noticed an ogre
  3861 | D:4      | You fall into a shaft and drop 3 floors!
  3861 | D:7      | Noticed an orc warrior
  3872 | D:7      | Reached XP level 6. HP: 15/49 MP: 8/8
  3872 | D:7      | HP: 2/49 [orc warrior/+0 war axe (3)]
  3923 | D:7      | Found a sparkling altar of Nemelex Xobeh.
  3947 | D:7      | Mangled by an orc warrior

Levels and vault maps discovered:
D:1:      wander_arrival_peaceful_grave, layout_loops_ring,
          chequers_serial_rivers_marsh
D:2:      layout_basic, old_standard_altar, chequers_ecumenical_altar_island,
          minmay_goblin_kobold_house
D:3:      wad_crossroads, layout_basic, vehumet_crystals, lemuel_round_altar
D:4:      layout_gridville, zin_scriptorium, serial_shops,
          nicolae_shop_waterfront, first_ration
D:7:      layout_basic, nemelex_xobeh_ov_fountains_minmay

Skill      XL: |  1  2  3  4 |
---------------+-------------+-----
Armour         | 3 |  3.8
Fighting       | 4 |  4.6
Maces & Flails | 3 |  3.5
Dodging        | |  0.8
Invocations    | |  2.8

Action                   |  1- 3 |  4- 6 || total
-------------------------+-------+-------++-------
Melee: Mace              |    78 |   153 ||   231
Throw: Stone             |    47 |    44 ||    91
Invok: Depart the Abyss  |     1 |       ||     1
 Abil: Dig               |       |     1 ||     1
       Shaft Self        |       |     1 ||     1
  Use: Scroll            |       |    11 ||    11
       Potion            |       |     5 ||     5
  Eat: Chunk             |     1 |     8 ||     9
Armor: Leather armour    |    20 |       ||    20
       Chain mail        |     8 |    96 ||   104
Dodge: Dodged            |    45 |    60 ||   105

Table legend:
 A = Non-vault XP
 B = Vault XP
 C = Vault XP percentage of total XP
 D = Non-vault monster count
 E = Vault monster count
 F = Vault count percentage of total count
                 A         B        C        D         E       F
            +---------+---------+-------+---------+---------+-------
      Total |     256 |      19 |   6.9 |      69 |       8 |  10.4
            +---------+---------+-------+---------+---------+-------
        D:1 |      59 |       0 |   0.0 |      27 |       0 |   0.0
        D:2 |      26 |       8 |  23.5 |      17 |       4 |  19.0
        D:3 |      75 |      11 |  12.8 |      21 |       4 |  16.0
        D:4 |      60 |       0 |   0.0 |       2 |       0 |   0.0
        D:7 |      36 |       0 |   0.0 |       2 |       0 |   0.0
            +---------+---------+-------+---------+---------+-------
